 Dungeon Crawl Stone Soup version 0.17-a0-1648-g0a089d4 (webtiles) character file.

264314 Gorice the Spry (level 19, -4/104 HPs)
             Began as a Felid Wanderer on Aug 8, 2015.
             Was the Champion of Sif Muna.
             Slain by a merfolk impaler
             ... wielding a +2 trident of flaming
              (28 damage)
             ... on level 4 of the Shoals on Aug 12, 2015.
             The game lasted 09:24:34 (82981 turns).

Gorice the Spry (Felid Wanderer)                   Turns: 82981, Time: 09:24:34

Health: -4/104     AC: 11    Str:  8    XL:     19   Next: 27%
Magic:  26/37      EV: 35    Int: 18    God:    Sif Muna [******]
Gold:   3965       SH:  0    Dex: 19    Spells: 14 memorised, 0 levels left
                                        Lives:  0   Deaths: 3

rFire  . . .     SeeInvis +       - Unarmed
rCold  + . .     Clarity  .     (armour unavailable)
rNeg   . . .     SustAt   .     (shield unavailable)
rPois  +         Gourm    .     (helmet unavailable)
rElec  .         Spirit   .     (cloak unavailable)
rCorr  +         Warding  .     (gloves unavailable)
rMut   .         Stasis   .     (boots unavailable)
MR     ++...                    S - amulet of resist corrosion
Stlth  +++.......               L - ring of poison resistance
                                N - ring of Robustness {AC+8}

@: very slightly contaminated, repel missiles, quick, very resistant to hostile
enchantments, fairly stealthy
A: no armour, no weapons or thrown items, claws 1, fangs 3, see invisible,
carnivore 3, speed 1, robust 1, shaggy fur 3, slow metabolism 1, sharp paws
a: Channel Energy, Forget Spell, Renounce Religion
}: 2/15 runes: barnacled, gossamer


You were on level 4 of the Shoals.
You worshipped Sif Muna.
Sif Muna was exalted by your worship.
You were very full.

You visited 7 branches of the dungeon, and saw 40 of its levels.
You visited the Abyss 1 time.
You also visited: Labyrinth and Bailey.

You collected 4450 gold pieces.
You spent 485 gold pieces at shops.

Inventory:

Jewellery
 g - an uncursed ring of invisibility
 j - an uncursed ring of protection from cold
 n - an uncursed ring of protection from cold
 v - an uncursed ring of protection from fire
 A - an uncursed ring of positive energy
 H - an uncursed ring of teleportation
 L - a ring of poison resistance (right paw)
 M - an uncursed ring of flight
 N - the ring of Robustness (left paw) {AC+8}
   (You found it in a labyrinth)

   [ring of protection]

   It affects your AC (+8).
 O - the ring "Ypi Piah" {rElec rF+ MP+9 Stlth+}
   (You found it in a labyrinth)

   [ring of stealth]

   It protects you from fire.
   It insulates you from electricity.
   It affects your magic capacity (+9).
   It makes you more stealthy.
 R - an uncursed ring of protection from magic
 S - an amulet of resist corrosion (around neck)
Magical devices
 e - a wand of fireball (4)
 i - a wand of draining (7)
 q - a wand of heal wounds (6) {!d}
 s - a wand of enslavement (11)
 w - a wand of disintegration (11)
 y - a wand of digging (16)
 D - a wand of fire (2)
 G - a wand of paralysis (16)
 I - a wand of teleportation (5) {!d}
 T - a wand of fire (8)
Scrolls
 b - a scroll of holy word {!r}
 k - 16 scrolls of remove curse
 C - 6 scrolls of fog
 E - 4 scrolls of identify
 P - a scroll of silence {!r}
 U - a scroll of summoning {!r}
Potions
 f - 2 potions of cancellation {!q}
 h - 5 potions of agility {!q}
 m - 4 potions of might {!q}
 o - 4 potions of heal wounds {!q}
 p - 7 potions of lignification {!q}
 t - 13 potions of curing
 u - 8 potions of haste {!q}
 z - 5 potions of resistance {!q}
 J - 2 potions of magic {!q}
Miscellaneous
 l - a fan of gales
 K - a lamp of fire
 V - a box of beasts
Comestibles
 a - 17 chunks of flesh
 c - 11 royal jellies
 d - 16 meat rations {!e}


   Skills:
 * Level 16.7 Fighting
 * Level 18.7 Dodging
 - Level 10.0 Stealth
 - Level 15.0 Unarmed Combat
 + Level 13.9 Spellcasting
 - Level 6.0 Conjurations
 - Level 10.0 Hexes
 - Level 13.8 Charms
 - Level 15.4 Translocations
   Level 1.1 Transmutations
 - Level 1.0 Air Magic
 - Level 8.1 Invocations
 - Level 10.0 Evocations


You couldn't memorise any spells.
You knew the following spells:

 Your Spells              Type           Power        Failure   Level  Hunger
a - Magic Dart            Conj           ####         1%          1    None
b - Dazzling Spray        Conj/Hex       #####...     1%          3    None
c - Cause Fear            Hex            #####.....   1%          4    None
e - Passage of Golubria   Tloc           N/A          1%          4    None
h - Ensorcelled Hibernat  Hex/Ice        ####..       1%          2    None
j - Controlled Blink      Tloc           N/A          12%         7    #######
A - Apportation           Tloc           ######....   0%          1    None
H - Haste                 Chrm           ######..     3%          6    #####..
J - Blink                 Tloc           N/A          0%          2    None
M - Repel Missiles        Chrm/Air       #####.       1%          2    None
O - Ozocubu's Armour      Chrm/Ice       #####...     1%          3    None
P - Phase Shift           Tloc           ######....   1%          5    ####...
R - Regeneration          Chrm/Necr      #####.....   1%          3    None
S - Swiftness             Chrm/Air       #####...     1%          2    None


Dungeon Overview and Level Annotations

Branches:
Dungeon (15/15)            Temple (1/1) D:4            Lair (8/8) D:9
 Shoals (4/4) Lair:6       Spider (4/4) Lair:3        Slime (0/6) Lair:6
    Orc (4/4) D:10            Elf (0/3) Orc:3        Vaults (4/5) D:14
  Crypt (0/3) Vaults:3     Depths (0/5) D:15

Altars:
Ashenzari
Cheibriados
Dithmenos
Elyvilon
Fedhas
Gozag
Kikubaaqudgha
Makhleb
Nemelex Xobeh
Okawaru
Qazlal
Ru
Sif Muna
Trog
Vehumet
Xom
Yredelemnul
Zin
The Shining One

Shops:
D:8 *   D:10 ([   Orc:2 }   Orc:4 (%[!   Vaults:4 %

Annotations:
D:14 vvpUX: 4 oklob vault - no loot, exclusion: 4 oklob plants
D:15 Louise
Lair:5 vvpUX: Rupe!, Rupert
Shoals:4 pUX...
Spider:2 Frances
Spider:4 exclusion: Roxanne, Roxanne
Orc:4 Saint Roka
Vaults:4 Frederick


Innate Abilities, Weirdness & Mutations

You cannot wear armour.
You are incapable of wielding weapons or throwing items.
You have sharp claws.
You have razor-sharp teeth.
You have supernaturally acute eyesight.
You are carnivorous and can eat meat at any time.
You cover ground quickly.
Your thick and shaggy fur keeps you warm (AC +3, rC+).
You have a slow metabolism.
Your sharp claws are effective at attacking unaware monsters.
You are robust (+10% HP).


Message History

Damage: 10 (max 14)
You scratch the sea snake.
The sea snake is lightly wounded.
You feel very sick. The sea snake completely misses you.
The merfolk impaler hits you from afar with a trident of flaming!!
The merfolk impaler burns you. The heat melts your icy armour.
Damage: 25 (max 25) Drink which item? (? for menu, Esc to quit)
You feel better.
The merfolk impaler completely misses you.
The sea snake bites you.
Put on which piece of jewellery? (? for menu, Esc to quit)
You're wearing all the rings you can.
Remove which one? (? for menu, Esc to cancel) < or
N - the ring of Robustness {AC+8} > or
R - a ring of protection from magic You remove your ring of protection from magic.
The merfolk impaler hits you from afar with a trident of flaming!
The merfolk impaler burns you.
Your icy armour melts away.
The sea snake misses you.
L - a ring of poison resistance (right paw)
The merfolk impaler hits you from afar with a trident of flaming!
* * * LOW HITPOINT WARNING * * *
The merfolk impaler burns you.
* * * LOW HITPOINT WARNING * * *
Damage: 34 (max 34)
You enter the shallow water.
Moving in this stuff is going to be slow.
The sea snake completely misses you.
The merfolk impaler hits you from afar with a trident of flaming.
* * * LOW HITPOINT WARNING * * *
The merfolk impaler burns you.
* * * LOW HITPOINT WARNING * * *
Damage: 5 (max 34)
Casting: Ozocubu's Armour
Confirm with . or Enter, or press ? or * to list all spells.
Blink to where?
Press: ? - help, Dir - move target cursor Splash!
You are very lightly contaminated with residual magic.
You feel closer to the material plane. The merfolk impaler misses you.
The merfolk impaler completely misses you.
You are firmly grounded in the material plane once more.
The merfolk impaler completely misses you. x2
The merfolk impaler hits you from afar with a trident of flaming!!
You die...

≈≈≈≈≈.............≈≈≈≈
≈≈≈≈≈...........≈.≈≈≈≈
.≈≈≈≈≈..........≈.≈≈≈≈
..≈≈≈≈≈........≈≈≈≈≈≈≈
....≈≈≈≈......≈≈≈≈≈≈≈≈
....≈≈≈≈≈....≈≈≈≈≈≈≈≈≈
....≈≈≈≈≈≈≈≈≈≈≈≈≈≈≈≈≈≈
≈≈≈≈≈≈≈≈≈≈≈≈≈≈≈≈≈≈≈≈≈≈
≈≈≈≈≈≈≈≈≈@≈≈≈≈≈≈≈≈≈≈≈≈
≈≈≈≈≈≈≈≈≈≈≈≈≈≈≈≈≈≈≈≈≈≈
≈.≈≈≈≈≈≈≈m≈≈≈≈≈≈≈≈≈≈≈
#≈.≈≈≈≈≈≈≈≈≈≈≈≈≈≈≈≈≈≈≈ ≈m
#≈.≈≈≈≈≈≈≈≈≈≈≈≈≈≈≈≈≈≈≈ # ≈H
##≈≈≈≈≈≈≈≈≈≈≈≈≈≈≈≈≈≈≈≈
≈##'##≈≈≈≈≈≈≈≈≈≈≈≈≈≈≈≈≈≈≈≈≈≈≈
≈≈≈....≈≈≈≈≈≈(≈≈≈≈≈≈≈≈≈≈≈≈≈≈≈≈
≈≈≈......≈≈≈≈≈≈≈≈≈≈≈≈≈≈≈≈≈≈≈≈≈≈


You could see a merfolk impaler.

Vanquished Creatures
  A sphinx (D:12)
  A storm dragon (D:12)
  Kirke (Spider:4)
  Ilsuiw (Shoals:4)
  2 fire giants
  The ghost of maniek23 the Fencer, a powerful MiFi of Jiyva (Spider:1)
  Donald (Spider:3)
  10 vault wardens
  Maud (Lair:6)
  10 emperor scorpions
  5 frost giants
  3 ghost moths (Spider:4)
  An orc warlord (Vaults:3)
  5 stone giants
  14 ironheart preservers
  2 salamander stormcallers
  3 merfolk javelineers
  A minotaur (Lab)
  7 vault guards
  6 fire dragons
  Josephine (Lair:8)
  3 great orbs of eyes (D:14)
  7 merfolk impalers
  14 ogre magi
  10 yaktaur captains
  Fannar (Lair:3)
  4 entropy weavers (Spider:3)
  4 hydras
  4 merfolk aquamancers
  7 merfolk avatars
  7 centaur warriors
  2 death knights (Vaults:3)
  8 death yaks
  4 orc high priests
  2 satyrs (Shoals:4)
  A dancing weapon (Vaults:2)
  4 tengu warriors
  A deep troll earth mage (Vaults:3)
  2 fire crabs
  Nergalle (Orc:3)
  6 deep elf knights
  2 shadow wraiths
  An unseen horror (D:11)
  A skeletal warrior (D:14)
  9 deep trolls
  6 sea snakes
  2 giant orange brains
  A flayed ghost (Vaults:3)
  15 hill giants
  20 orc knights
  2 deep elf summoners (Vaults:1)
  2 deep elf conjurers (Vaults:2)
  13 griffons
  A necromancer (Vaults:4)
  13 ironbrand convokers
  10 hornets
  4 orc sorcerers (Orc:4)
  16 orb spiders
  8 harpies
  9 manticores
  39 wolf spiders
  7 fauns
  6 cyclopes
  7 water nymphs
  2 moths of wrath (Spider:3)
  An oklob plant (Lair:8)
  18 ugly things
  9 elephants
  A black mamba (shapeshifter) (D:15)
  14 vault sentinels
  10 sirens
  A stone giant skeleton (Vaults:4)
  A cyclops (shapeshifter) (D:15)
  Joseph (D:9)
  11 black mambas
  A guardian serpent (Lair:8)
  2 gargoyles
  A centaur zombie (D:15)
  20 spiny frogs
  A torpor snail (Spider:2)
  An efreet (D:14)
  3 kobold demonologists
  17 demonic crawlers
  6 fire drakes
  2 fire drakes (shapeshifter)
  A redback zombie (D:15)
  2 deep elf priests
  A human skeleton (Vaults:4)
  10 komodo dragons
  A queen bee (D:14)
  28 two-headed ogres
  27 yaktaurs
  A jumping spider (shapeshifter) (Vaults:2)
  4 polar bears (Lair:1)
  4 harpy zombies (Shoals:3)
  32 merfolk
  A tengu conjurer (D:12)
  A harpy skeleton (D:14)
  A wind drake (Shoals:1)
  5 trolls
  35 jumping spiders
  7 freezing wraiths
  A queen bee (shapeshifter) (Vaults:3)
  26 slime creatures
  32 blink frogs
  8 boulder beetles
  2 wind drakes (shapeshifter) (D:15)
  A blink frog (shapeshifter) (D:14)
  9 snapping turtles
  22 trapdoor spiders
  61 redbacks
  2 shadows
  43 yaks
  A tarantella (shapeshifter) (D:15)
  26 tarantellas
  8 deep elf fighters
  17 vampire mosquitoes
  Eustachio (D:5)
  3 deep elf magi
  12 water elementals
  8 wyverns
  A steam dragon (D:12)
  5 hungry ghosts
  7 basilisks
  A yaktaur simulacrum (Vaults:4)
  13 hippogriffs
  6 wraiths
  4 mottled dragons
  A deep troll zombie (Vaults:4)
  16 wolves
  3 wargs
  A hornet simulacrum (D:14)
  14 swamp worms (Spider:3)
  15 porcupines
  A soldier ant (D:11)
  26 water moccasins
  5 ice beasts
  29 orc warriors
  31 spiders
  5 wasps
  2 swamp drakes (Lair:8)
  An ettin simulacrum (Vaults:2)
  A phantom (D:13)
  A necrophage (D:10)
  9 boggarts (Vaults:3)
  10 black bears
  4 eyes of draining
  27 centaurs
  63 ogres
  30 crocodiles
  2 sky beasts
  A crocodile (shapeshifter) (Vaults:1)
  A brain worm (D:13)
  2 big kobolds
  15 giant frogs
  A water moccasin zombie (D:12)
  4 scorpions
  3 wyvern skeletons
  A hippogriff zombie (Shoals:3)
  37 killer bees (D:14)
  13 wights
  3 electric eels
  A quasit (D:12)
  2 giant frog zombies
  6 crimson imps
  14 jellies
  26 orc priests
  28 orc wizards
  2 giant frog skeletons
  9 centaur skeletons
  4 hounds
  17 iguanas
  19 worker ants
  34 sheep
  A worker ant zombie (D:10)
  20 gnolls
  89 river rats
  5 shadow imps
  23 adders
  4 oozes
  10 worms
  3 giant geckos
  194 orcs
  2 bat zombies (Shoals:3)
  7 giant cockroaches
  11 hobgoblins
  12 jackals
  33 kobolds
  6 quokkas
  3 ball pythons
  6 bats
  5 giant newts
  22 goblins
  11 rats
  3 plants
1977 creatures vanquished.

Vanquished Creatures (others)
  A titan zombie (Vaults:4)
  A phantasmal warrior (Vaults:3)
  A deep elf mage (Vaults:2)
  5 humans (Spider:4)
  A centaur (Shoals:2)
  An ogre (Vaults:4)
  5 killer bees (D:14)
  An ooze (D:5)
  3 bushes (D:9)
  47 fungi
  72 plants
138 creatures vanquished.

Grand Total: 2115 creatures vanquished

Notes
Turn   | Place    | Note
--------------------------------------------------------------
     0 | D:1      | Gorice the Felid Wanderer began the quest for the Orb.
     0 | D:1      | Gorice set off with: a scroll of fear {!r}, a potion of heal wounds {!q}, 2 potions of lignification {!q}, a meat ration {!e}
     0 | D:1      | Reached XP level 1. HP: 10/10 MP: 3/3
     2 | D:1      | Noticed a formicid
     4 | D:1      | Noticed an ogre
     4 | D:1      | Noticed a troll
     6 | D:1      | Noticed a naga
     8 | D:1      | Noticed an elf
    10 | D:1      | Noticed a human
    10 | D:1      | Noticed a draconian
    12 | D:1      | Noticed an octopode
    14 | D:1      | Noticed a demigod
    16 | D:1      | Noticed a vine stalker
    16 | D:1      | Noticed a dwarf
    18 | D:1      | Noticed a vampire
    18 | D:1      | Noticed a tengu
    20 | D:1      | Noticed a spriggan
    20 | D:1      | Noticed a gargoyle
    22 | D:1      | Noticed a felid
    22 | D:1      | Noticed a ghoul
    24 | D:1      | Noticed a demonspawn
    24 | D:1      | Noticed a merfolk
    26 | D:1      | Noticed a minotaur
    26 | D:1      | Noticed a centaur
   321 | D:1      | Reached XP level 2. HP: 14/14 MP: 4/4
  1228 | D:2      | Reached XP level 3. HP: 17/17 MP: 5/5
  1248 | D:1      | Reached skill level 3 in Unarmed Combat
  1425 | D:2      | Reached skill level 4 in Fighting
  1425 | D:2      | Reached XP level 4. HP: 22/22 MP: 6/6
  1589 | D:2      | HP: 5/22 [quokka (4)]
  1868 | D:2      | HP: 9/33 [poisoned by an adder]
  1874 | D:2      | HP: 8/33 [poisoned by an adder]
  1881 | D:2      | HP: 7/33 [poisoned by an adder]
  1895 | D:2      | HP: 3/22 [rat (1)]
  1897 | D:2      | Slain by a rat
  1898 | D:2      | Reached XP level 3. HP: 0/18 MP: 5/5
  1932 | D:2      | Gained mutation: You are robust (+10% HP). [potion of beneficial mutation]
  2273 | D:1      | Reached XP level 4. HP: 7/24 MP: 6/6
  2763 | D:3      | Reached skill level 1 in Dodging
  2781 | D:3      | Reached skill level 4 in Unarmed Combat
  3240 | D:4      | Found a staircase to the Ecumenical Temple.
  3248 | Temple   | Entered the Ecumenical Temple
  3527 | D:4      | Found an ancient bone altar of Kikubaaqudgha.
  3761 | D:4      | Reached XP level 5. HP: 18/27 MP: 7/7
  3903 | D:4      | Noticed an ogre
  3950 | D:4      | Reached skill level 2 in Dodging
  4414 | D:4      | HP: 8/27 [orc wizard/magic dart (5)]
  4418 | D:4      | Reached skill level 5 in Fighting
  4810 | D:4      | Noticed an ogre
  4818 | D:3      | HP: 6/28 [scorpion (5)]
  5224 | D:4      | Found a white marble altar of Elyvilon.
  5461 | D:4      | Reached skill level 3 in Dodging
  5461 | D:4      | Gained mutation: You are covered in thick fur (AC +2). [Felid growth]
  5461 | D:4      | Reached XP level 6. HP: 29/33 MP: 8/8
  5514 | D:5      | Entered Level 5 of the Dungeon
  5521 | D:5      | Found a sacrificial altar of Ru.
  5799 | D:5      | Found a sparkling altar of Nemelex Xobeh.
  5942 | D:5      | Noticed Eustachio
  6047 | D:5      | Found a blossoming altar of Fedhas.
  7094 | D:6      | HP: 8/33 [acid (3)]
  7094 | D:6      | Reached skill level 5 in Unarmed Combat
  7201 | D:6      | Reached skill level 4 in Dodging
  7661 | D:7      | Reached XP level 7. HP: 37/37 MP: 9/9
  7931 | D:5      | HP: 8/37 [orc wizard/magic dart (10)]
  8296 | D:4      | Reached skill level 6 in Fighting
  8296 | D:4      | Reached skill level 5 in Dodging
  8506 | D:6      | HP: 4/37 [acid (9)]
  8529 | D:6      | Found a deep blue altar of Sif Muna.
  9331 | D:5      | Reached skill level 6 in Dodging
  9331 | D:5      | Reached skill level 6 in Unarmed Combat
  9379 | D:5      | Reached XP level 8. HP: 29/42 MP: 10/10
  9504 | D:6      | Found a white marble altar of Elyvilon.
  9540 | D:7      | Found an opulent altar of Gozag.
 10236 | D:6      | HP: 11/42 [ogre/giant club (31)]
 10739 | D:5      | Killed Eustachio
 10929 | D:4      | Reached skill level 7 in Dodging
 11061 | D:6      | Reached skill level 7 in Fighting
 11529 | D:6      | Reached skill level 7 in Unarmed Combat
 11830 | D:7      | Reached skill level 8 in Dodging
 12417 | D:7      | HP: 13/44 [crocodile (14)]
 12651 | D:6      | Reached XP level 9. HP: 47/47 MP: 11/11
 13587 | D:7      | Reached skill level 8 in Fighting
 13737 | D:8      | Reached skill level 9 in Dodging
 13951 | D:8      | Reached skill level 8 in Unarmed Combat
 14254 | D:8      | Found Memeuh's General Store.
 14262 | D:8      | Bought a potion of curing for 33 gold pieces
 14262 | D:8      | Bought 2 potions of haste for 220 gold pieces
 14262 | D:8      | Bought a potion of degeneration for 11 gold pieces
 14637 | D:8      | Reached skill level 9 in Fighting
 14637 | D:8      | Reached skill level 10 in Dodging
 15295 | D:9      | Reached XP level 10. HP: 53/53 MP: 12/12
 15421 | D:9      | HP: 15/53 [porcupine's spines (12)]
 15682 | D:9      | Found a staircase to the Lair.
 15748 | D:8      | Reached skill level 9 in Unarmed Combat
 16512 | D:9      | Noticed Joseph
 16527 | D:9      | Killed Joseph
 16527 | D:9      | Reached skill level 11 in Dodging
 16674 | Lair:1   | Entered Level 1 of the Lair of Beasts
 16731 | Lair:1   | HP: 8/53 [porcupine (9)]
 17087 | Lair:1   | Reached skill level 3 in Stealth
 17328 | Lair:1   | Noticed a five-headed hydra
 17606 | Lair:1   | Reached skill level 4 in Stealth
 17710 | Lair:1   | Reached skill level 5 in Stealth
 17716 | Lair:1   | Reached skill level 10 in Fighting
 18698 | Lair:2   | Reached skill level 10 in Unarmed Combat
 18806 | Lair:2   | Reached XP level 11. HP: 43/59 MP: 13/13
 18892 | Lair:2   | Noticed a black mamba
 18904 | Lair:2   | Killed a black mamba
 18904 | Lair:2   | Reached skill level 6 in Stealth
 19247 | Lair:2   | Reached skill level 12 in Dodging
 19259 | Lair:2   | HP: 16/60 [blink frog (14)]
 20498 | Lair:3   | Noticed an eight-headed hydra
 20570 | Lair:3   | Reached skill level 11 in Fighting
 20859 | Lair:3   | Reached skill level 13 in Dodging
 20870 | Lair:3   | Reached skill level 11 in Unarmed Combat
 22109 | Lair:2   | Noticed a five-headed hydra
 22201 | Lair:3   | Found a hole to the Spider Nest.
 22241 | Lair:3   | Gained mutation: Your thick and shaggy fur keeps you warm (AC +3, rC+). [Felid growth]
 22241 | Lair:3   | Reached XP level 12. HP: 55/66 MP: 14/14
 22612 | Lair:3   | Noticed Fannar
 22693 | Lair:3   | Killed Fannar
 23005 | Lair:4   | Got an ancient amber ring
 23011 | Lair:4   | Identified the ring of Moderation {Dex+4 SInv} (You found it on level 4 of the Lair of Beasts)
 23045 | Lair:4   | Reached skill level 14 in Dodging
 23433 | Lair:4   | Reached skill level 12 in Fighting
 24149 | Lair:4   | Reached skill level 12 in Unarmed Combat
 24236 | Lair:5   | Noticed Rupert
 24555 | D:10     | Entered Level 10 of the Dungeon
 24804 | D:10     | Learned a level 1 spell: Magic Dart
 25112 | D:10     | Found Etruoxt's Weapon Boutique.
 25113 | D:10     | Found a staircase to the Orcish Mines.
 25115 | D:10     | Found Aqyofamuc's Armour Boutique.
 26011 | D:11     | Reached skill level 15 in Dodging
 26594 | D:11     | HP: 11/67 [hill giant/giant club (27)]
 26875 | D:11     | Reached XP level 13. HP: 71/71 MP: 15/15
 27083 | Orc:1    | Entered Level 1 of the Orcish Mines
 27289 | Orc:1    | Found a flagged portal.
 27310 | Bailey   | Entered a bailey
 27828 | Bailey   | Reached skill level 16 in Dodging
 27828 | Bailey   | Reached skill level 13 in Unarmed Combat
 27828 | Bailey   | Reached XP level 14. HP: 75/75 MP: 16/16
 27962 | Orc:2    | Found Cacusil's Gadget Shop.
 28963 | Orc:1    | Upgraded the game from 0.17-a0-1642-gd4b747b to 0.17-a0-1646-geb1493d
 29078 | Orc:3    | Found a staircase to the Elven Halls.
 29138 | Orc:3    | Noticed Nergalle
 29237 | Orc:3    | Killed Nergalle
 29237 | Orc:3    | Reached skill level 13 in Fighting
 30567 | Lair:5   | Reached skill level 7 in Stealth
 31184 | Lair:6   | Found a staircase to the Slime Pits.
 31280 | Lair:6   | Reached skill level 8 in Stealth
 31333 | Lair:6   | Reached skill level 14 in Unarmed Combat
 31648 | Lair:6   | Noticed Maud
 31876 | Lair:5   | HP: 23/77 [poisoned by a spiny frog]
 31881 | Lair:5   | HP: 20/77 [poisoned by a spiny frog]
 31886 | Lair:5   | HP: 17/77 [poisoned by a spiny frog]
 31891 | Lair:4   | HP: 16/77 [poisoned by a spiny frog]
 31896 | Lair:4   | HP: 15/77 [poisoned by a spiny frog]
 31903 | Lair:4   | HP: 14/77 [poisoned by a spiny frog]
 31911 | Lair:4   | HP: 14/77 [poisoned by a spiny frog]
 32747 | Lair:6   | Found a staircase to the Shoals.
 33303 | Lair:7   | Reached skill level 9 in Stealth
 33448 | Lair:7   | Found a labyrinth entrance.
 33470 | Lab      | Entered a labyrinth
 33779 | Lab      | Got a brightly glowing jade ring
 33779 | Lab      | Identified the Almanac of the Entourage
 33784 | Lab      | Identified the ring "Ypi Piah" {rElec rF+ MP+9 Stlth+} (You found it in a labyrinth)
 33794 | Lab      | --wow nice Lab haul, ring of robustness as well!
 33794 | Lab      | --would have been better for a humanoid tho
 33794 | Lab      | --4 rods, 2 artifact/branded plate armours
 35011 | Lair:8   | Entered Level 8 of the Lair of Beasts
 35037 | Lair:6   | HP: 18/78 [spiny frog (8)]
 35777 | Lair:8   | Reached skill level 10 in Stealth
 36028 | Lair:8   | Reached skill level 14 in Fighting
 36235 | Lair:8   | Noticed Josephine
 37222 | Lair:8   | Reached skill level 15 in Unarmed Combat
 37399 | Lair:8   | Reached skill level 1 in Evocations
 37586 | Lair:8   | Reached skill level 2 in Evocations
 37586 | Lair:8   | Reached XP level 15. HP: 61/83 MP: 17/17
 37969 | Lair:8   | Reached skill level 3 in Evocations
 38524 | Lair:8   | Reached skill level 4 in Evocations
 38949 | Lair:8   | Reached skill level 15 in Fighting
 38949 | Lair:8   | Reached skill level 5 in Evocations
 39275 | Lair:8   | Reached skill level 1 in Conjurations
 39325 | Lair:8   | Killed Josephine
 39559 | Lair:8   | Reached skill level 2 in Spellcasting
 39770 | Lair:2   | Killed a five-headed hydra
 39810 | Lair:1   | Learned a level 3 spell: Dazzling Spray
 39816 | Lair:1   | Learned a level 5 spell: Phase Shift
 39913 | D:6      | Became a worshipper of Sif Muna the Loreminder
 40083 | Orc:4    | Entered Level 4 of the Orcish Mines
 40307 | Orc:4    | Reached skill level 1 in Hexes
 40312 | Orc:4    | Reached skill level 2 in Conjurations
 40402 | Orc:4    | Noticed Saint Roka
 40960 | Orc:4    | Found a burning altar of Makhleb.
 41116 | Orc:4    | Reached skill level 2 in Hexes
 41277 | Orc:4    | Found Plog's Antique Weapon Shoppe.
 41351 | Orc:4    | Reached skill level 6 in Evocations
 41392 | Orc:4    | HP: 24/84 [orc knight/great sword (10)]
 41395 | Orc:4    | HP: 5/84 [orc knight/great sword (21)]
 41781 | Orc:4    | Reached skill level 3 in Hexes
 41794 | Orc:4    | Reached skill level 3 in Spellcasting
 41946 | Orc:4    | Found Waampak's Distillery.
 42175 | Orc:4    | Found Gakkagh's Armour Shop.
 42191 | Orc:4    | Found Pyurghei's Food Shop.
 42269 | Orc:4    | Bought a potion of heal wounds for 65 gold pieces
 42269 | Orc:4    | Bought a potion of might for 52 gold pieces
 42269 | Orc:4    | Bought a potion of curing for 39 gold pieces
 42269 | Orc:4    | Bought a potion of heal wounds for 65 gold pieces
 42293 | Orc:4    | Reached skill level 3 in Conjurations
 42573 | D:12     | Reached skill level 4 in Hexes
 42599 | D:12     | Acquired Sif Muna's first power
 42624 | D:12     | Found a glowing silver altar of Zin.
 42762 | D:12     | Noticed a storm dragon
 42778 | D:12     | Found a stormy altar of Qazlal.
 42966 | D:12     | Killed a storm dragon
 42966 | D:12     | Reached skill level 7 in Evocations
 43115 | D:12     | Reached skill level 5 in Hexes
 43123 | D:12     | Noticed a sphinx
 43234 | D:12     | Killed a sphinx
 43234 | D:12     | Reached skill level 4 in Spellcasting
 43994 | D:13     | Reached skill level 4 in Conjurations
 43994 | D:13     | Reached skill level 6 in Hexes
 44543 | D:14     | Acquired Sif Muna's second power
 44644 | D:14     | Reached skill level 7 in Hexes
 44735 | D:14     | Reached XP level 16. HP: 89/89 MP: 24/24
 44764 | D:14     | Found a gate to the Vaults.
 44765 | D:14     | Reached skill level 8 in Evocations
 44915 | D:14     | Reached skill level 5 in Spellcasting
 44921 | D:14     | Reached skill level 5 in Conjurations
 45570 | D:14     | Reached skill level 8 in Hexes
 46565 | D:14     | Reached skill level 9 in Evocations
 46678 | D:15     | Entered Level 15 of the Dungeon
 46749 | D:15     | Noticed Louise
 46804 | D:15     | Learned a level 1 spell: Apportation
 46848 | D:15     | Reached skill level 6 in Conjurations
 46936 | D:15     | Reached skill level 6 in Spellcasting
 47043 | D:15     | Reached skill level 1 in Translocations
 47090 | D:15     | Reached skill level 9 in Hexes
 47147 | D:15     | Reached skill level 2 in Translocations
 47331 | D:14     | Reached skill level 3 in Translocations
 47996 | D:15     | Reached skill level 4 in Translocations
 48438 | D:15     | Acquired Sif Muna's third power
 48462 | D:15     | Found a staircase to the Depths.
 48494 | D:15     | Reached skill level 5 in Translocations
 49202 | D:15     | Reached skill level 6 in Translocations
 49205 | D:15     | Reached skill level 10 in Evocations
 49540 | D:15     | HP: 26/89 [centaur warrior (5)]
 50047 | Lair:1   | Learned a level 3 spell: Regeneration
 50054 | Lair:1   | Learned a level 4 spell: Cause Fear
 50110 | Spider:1 | Entered Level 1 of the Spider Nest
 50199 | Spider:1 | Reached skill level 7 in Translocations
 50439 | Spider:1 | Reached skill level 7 in Spellcasting
 50522 | Spider:1 | Reached skill level 8 in Translocations
 50828 | Spider:1 | Reached skill level 9 in Translocations
 51442 | Spider:1 | Reached skill level 10 in Translocations
 51595 | Spider:1 | Noticed maniek23's ghost (powerful MiFi)
 51613 | Spider:1 | Killed maniek23's ghost
 51613 | Spider:1 | Reached XP level 17. HP: 47/93 MP: 15/29
 52126 | Spider:2 | Noticed Frances
 52320 | Spider:2 | Reached skill level 11 in Translocations
 53333 | Spider:2 | Reached skill level 8 in Spellcasting
 53486 | Spider:2 | Reached skill level 12 in Translocations
 53642 | Spider:2 | Received a gift from Sif Muna
 53643 | Spider:2 | Identified Sif Muna's Tome of Dislocation (Sif Muna gifted it to you on level 2 of the Spider Nest)
 53647 | Spider:2 | Learned a level 2 spell: Blink
 53650 | Spider:2 | Learned a level 2 spell: Shroud of Golubria
 53655 | Spider:2 | Learned a level 4 spell: Passage of Golubria
 54184 | Spider:3 | Reached skill level 1 in Charms
 54586 | Spider:3 | Reached skill level 2 in Charms
 54635 | Spider:3 | HP: 27/93 [jumping spider (14)]
 55021 | Spider:3 | Reached skill level 3 in Charms
 55256 | Spider:3 | Reached skill level 4 in Charms
 55786 | Spider:3 | Identified the Tome of Sharkskin
 56104 | Spider:3 | Reached skill level 5 in Charms
 56568 | Spider:3 | Got a sparkling brass ring
 56569 | Spider:3 | Identified the ring "Niwaek" {+Fly rF- Str+7 SInv} (You found it on level 3 of the Spider Nest)
 56595 | Spider:3 | Reached skill level 10 in Hexes
 56617 | Spider:3 | Reached skill level 6 in Charms
 56685 | Spider:3 | Reached skill level 9 in Spellcasting
 56685 | Spider:3 | HP: 27/93 [redback (5)]
 57204 | Spider:3 | Reached skill level 7 in Charms
 57387 | Spider:3 | Noticed Donald
 57472 | Spider:3 | Killed Donald
 57548 | Spider:3 | Received a gift from Sif Muna
 57563 | Spider:3 | Identified Sif Muna's Papyrus of Blows and Bruises (Sif Muna gifted it to you on level 3 of the Spider Nest)
 58202 | Lair:1   | Learned a level 6 spell: Haste
 58206 | Lair:1   | Learned a level 3 spell: Ozocubu's Armour
 58343 | Spider:4 | Entered Level 4 of the Spider Nest
 58343 | Spider:4 | Noticed Roxanne
 58380 | Spider:3 | Reached skill level 8 in Charms
 59000 | Spider:4 | Noticed Mara
 60066 | Spider:4 | Noticed Kirke
 60082 | Spider:4 | Killed Kirke
 60082 | Spider:4 | Reached skill level 9 in Charms
 60575 | Spider:3 | HP: 27/93 [redback (10)]
 60580 | Spider:3 | HP: 23/93 [redback (6)]
 60611 | Spider:2 | HP: 20/93 [redback (9)]
 60650 | Spider:3 | HP: 26/93 [trapdoor spider (3)]
 61719 | Spider:4 | HP: 12/93 [Mara (illusionary)/demon whip of flaming (20)]
 61719 | Spider:4 | HP: 5/93 [Mara (illusionary)/demon whip of flaming (7)]
 62166 | Spider:4 | Reached XP level 18. HP: 78/97 MP: 15/32
 62311 | Spider:4 | Reached skill level 10 in Charms
 62557 | Spider:4 | HP: 29/97 [poisoned by a ghost moth]
 62563 | Spider:4 | HP: 29/97 [poisoned by a ghost moth]
 62571 | Spider:4 | HP: 29/97 [poisoned by a ghost moth]
 62714 | Spider:4 | Reached skill level 10 in Spellcasting
 62962 | Spider:4 | Reached skill level 11 in Charms
 62972 | Spider:4 | Received a gift from Sif Muna
 62988 | Spider:4 | Identified Sif Muna's Grimoire of Assistive Bewitchment (Sif Muna gifted it to you on level 4 of the Spider Nest)
 62992 | Spider:4 | Learned a level 2 spell: Repel Missiles
 63020 | Spider:4 | Got a gossamer rune of Zot
 63712 | Shoals:1 | Entered Level 1 of the Shoals
 64004 | Shoals:1 | Reached skill level 12 in Charms
 64106 | Shoals:1 | HP: 27/97 [sea snake (8)]
 64126 | Shoals:1 | HP: 28/97 [sea snake (10)]
 64811 | Lair:1   | Learned a level 2 spell: Ensorcelled Hibernation
 64936 | Lair:6   | Killed Maud
 65674 | Shoals:2 | HP: 11/97 [merfolk/halberd (21)]
 65997 | Shoals:2 | Reached skill level 13 in Charms
 66402 | Shoals:2 | Reached skill level 11 in Spellcasting
 67210 | Shoals:2 | HP: 24/97 [drowned by a drowned soul[a merfolk avatar] (8)]
 67707 | Shoals:3 | HP: 29/97 [poisoned by a sea snake]
 67708 | Shoals:3 | HP: 10/97 [merfolk/trident (19)]
 67807 | Shoals:3 | Received a gift from Sif Muna
 67808 | Shoals:3 | Identified Sif Muna's Compendium of Enchantment (Sif Muna gifted it to you on level 3 of the Shoals)
 67850 | Shoals:3 | Reached skill level 1 in Invocations
 68082 | Shoals:3 | Reached skill level 2 in Invocations
 68306 | Shoals:3 | HP: 29/97 [poisoned by a sea snake]
 68311 | Shoals:3 | HP: 25/97 [poisoned by a sea snake]
 68317 | Shoals:3 | HP: 23/97 [poisoned by a sea snake]
 68324 | Shoals:3 | HP: 22/97 [poisoned by a sea snake]
 68331 | Shoals:3 | HP: 22/97 [poisoned by a sea snake]
 68339 | Shoals:3 | HP: 22/97 [poisoned by a sea snake]
 68535 | Shoals:3 | Reached skill level 3 in Invocations
 68783 | Shoals:4 | Entered Level 4 of the Shoals
 68847 | Shoals:4 | Noticed Ilsuiw
 69276 | Shoals:4 | Reached skill level 4 in Invocations
 69494 | Shoals:4 | Got a steaming glass ring
 69591 | Shoals:4 | Reached XP level 19. HP: 78/102 MP: 21/35
 69661 | Shoals:3 | HP: 24/102 [drowned by a drowned soul[a merfolk avatar] (10)]
 69731 | Shoals:4 | Reached skill level 5 in Invocations
 69762 | Shoals:4 | Killed Ilsuiw
 69820 | Shoals:4 | HP: 29/102 [merfolk impaler/trident (12)]
 69823 | Shoals:4 | HP: 12/102 [merfolk impaler/trident (17)]
 69824 | Shoals:4 | HP: 3/102 [siren/spear (10)]
 69824 | Shoals:4 | Annihilated by a merfolk impaler
 69825 | Shoals:4 | Reached XP level 18. HP: -22/97 MP: 0/34
 69983 | Lair:3   | Killed an eight-headed hydra
 70029 | Lair:1   | Identified the ring "Nenaodop" {+Inv rElec rPois rF- Stlth+} (You took it off a centaur on level 4 of the Shoals)
 70184 | Vaults:1 | Entered Level 1 of the Vaults
 70450 | Vaults:1 | Reached skill level 12 in Spellcasting
 70450 | Vaults:1 | Reached skill level 6 in Invocations
 71195 | Vaults:1 | Reached skill level 7 in Invocations
 71255 | Vaults:1 | Cast into the Abyss (an ogre mage)
 71301 | Vaults:1 | Escaped the Abyss
 71816 | Vaults:1 | Reached skill level 8 in Invocations
 71936 | Vaults:1 | Got a brightly glowing granite ring
 72042 | Vaults:1 | Identified the ring of Sarautij {Ice MR+} (You found it on level 1 of the Vaults)
 72353 | Vaults:2 | Reached skill level 13 in Translocations
 72367 | Vaults:2 | HP: 18/97 [vault warden/battleaxe (36)]
 73112 | Vaults:2 | Upgraded the game from 0.17-a0-1646-geb1493d to 0.17-a0-1648-g0a089d4
 73182 | Vaults:2 | Reached skill level 14 in Translocations
 73258 | Vaults:2 | Received a gift from Sif Muna
 73259 | Vaults:2 | Identified Sif Muna's Papyrus of Gliding Aid (Sif Muna gifted it to you on level 2 of the Vaults)
 73386 | Vaults:1 | Learned a level 2 spell: Swiftness
 73806 | Vaults:2 | Reached skill level 15 in Translocations
 74007 | Vaults:2 | HP: 19/97 [vault warden/great mace (28)]
 74012 | Vaults:2 | Reached skill level 13 in Spellcasting
 74540 | Vaults:2 | HP: 13/97 [frost giant/battleaxe of freezing (27)]
 74541 | Vaults:2 | Killed from afar by a frost giant
 74542 | Vaults:2 | Reached XP level 17. HP: -16/93 MP: 35/35
 75232 | Vaults:3 | Reached XP level 18. HP: 97/97 MP: 33/36
 75467 | Vaults:3 | HP: 28/97 [flayed ghost (11)]
 75635 | Vaults:3 | HP: 26/97 [vault warden/war axe of venom (28)]
 75891 | Vaults:3 | HP: 22/97 [deep troll[an ironheart preserver] (17)]
 76282 | Vaults:3 | HP: 28/97 [orc knight/long sword (21)]
 76626 | Vaults:3 | HP: 25/97 [vault guard/long sword[a vault warden] (20)]
 76753 | Vaults:3 | Reached skill level 17 in Dodging
 77168 | Vaults:3 | Found a staircase to the Crypt.
 78110 | Vaults:4 | HP: 23/99 [vault warden/long sword (21)]
 78113 | Vaults:4 | HP: 4/99 [vault warden/long sword (19)]
 78120 | Vaults:4 | Noticed Frederick
 78789 | Vaults:4 | HP: 28/99 [freezing wraith (9)]
 78797 | Vaults:4 | HP: 25/99 [freezing wraith (2)]
 78802 | Vaults:4 | HP: 22/99 [vault warden/long sword (5)]
 79005 | Vaults:4 | Reached skill level 16 in Fighting
 79151 | Vaults:3 | Got a scorched glass ring
 79405 | Vaults:3 | HP: 16/99 [deep troll earth mage/blast of rock fragments[an ironheart preserver] (27)]
 79612 | Vaults:3 | Identified the ring of the City {rPois Int+8 Dex-3 Stlth-} (You took it off an ironheart preserver on level 3 of the Vaults)
 79629 | Vaults:3 | HP: 29/99 [salamander stormcaller/halberd (9)]
 79630 | Vaults:3 | Reached skill level 18 in Dodging
 79744 | Vaults:3 | HP: 22/99 [deep elf knight/long sword (19)]
 79963 | Vaults:3 | HP: 19/100 [yaktaur/bolt of frost (21)]
 80445 | Vaults:3 | Reached XP level 19. HP: 104/104 MP: 32/37
 80474 | Vaults:3 | HP: 23/104 [vault warden/bardiche (21)]
 81666 | Vaults:4 | Found Joenaw's Food Boutique.
 82172 | Lair:1   | Learned a level 7 spell: Controlled Blink
 82320 | Lair:5   | HP: 30/104 [river rat (8)]
 82744 | Shoals:3 | HP: 30/104 [merfolk aquamancer/shard of ice (26)]
 82959 | Shoals:4 | Got a barnacled rune of Zot
 82970 | Shoals:4 | HP: 31/104 [merfolk impaler/trident of flaming (12)]
 82981 | Shoals:4 | Slain by a merfolk impaler

Vault maps used:
D:1:      kb_arrival_jail
D:2:      minmay_surrounded
D:4:      lemuel_doored_altar, lemuel_round_altar,
          minmay_temple_entry_crystal_x, first_bread
D:5:      nicolae_overflow_crystal_walls, nicolae_ru_the_path_less_chosen,
          fedhas_altar_fruit_tree, lemuel_flame_loot_1, uniq_eustachio
D:6:      led_sif_pool, elyvilon_altar_5
D:7:      nicolae_gozag_seed_capital
D:8:      corexii_shack_village, serial_shops, shop
D:9:      minmay_lair_entry_grove, grunt_pizzeria, uniq_joseph
D:10:     minmay_cut_squares, orc_david_3
D:12:     minmay_eight_partial_circles, basic_altar, grunt_qazlal_clouds
D:14:     hangedman_what_comes_after_a, hangedman_vaults_entry_quadrant_bands,
          nrook_uturn, serial_curves, eino_curves_02, eino_curves_02
D:15:     gammafunk_enter_depths_forms, hangedman_decor_push,
          minmay_misc_feat_cross, uniq_louise
Temple:   chambers_temple_12
Lair:1:   beast_lair_carwin_large_3
Lair:2:   infiniplex_staircase_pool, lemuel_fruit_tree
Lair:3:   spider_nest_entry_rubble, st_stairs_5, grunt_megastairs_3,
          serial_bayou_shore_b, uniq_fannar
Lair:4:   serial_bayou_shore_a, bh_autumn_forest_stairs
Lair:5:   serial_forest, infiniplex_forest_clump_medium,
          infiniplex_forest_lined_2, infiniplex_forest_clump_long,
          infiniplex_forest_lined_2, serial_bayou_shore_b, uniq_rupert
Lair:6:   minmay_shoals_entry_hut, minmay_slime_entry_jelly_boxes,
          beast_lair_carwin_4, uniq_maud
Lair:7:   lab_entry_generic
Lair:8:   hangedman_lair_tendril_chambers, guppyfry_lair_end_dragon,
          uniq_josephine
Shoals:2: centaur_isle
Shoals:3: nicolae_shoals_undead_eyrie
Shoals:4: shoals_end_simple, shoal_ilsuiw, nicolae_shoals_dead_sea_scrolls
Spider:1: spider_trap, hangedman_spider_tarantella_strand
Spider:2: spider_trap, uniq_frances
Spider:3: spiders_nest_scorpion_pit, spider_trap, worms_lemuel, uniq_donald
Spider:4: spider_rune_water, uniq_kirke, uniq_mara, uniq_roxanne
Orc:1:    enter_bailey_3, lightli_orcish_oven
Orc:2:    serial_shops, shop
Orc:3:    nicolae_orc_pool_cavern, uniq_nergalle
Orc:4:    st_orc_elflike, basic_altar, uniq_saint_roka
Vaults:1: ontoclasm_vaults_chip, hangedman_vaults_stream,
          ontoclasm_vaults_pinch, nicolae_vaults_know_your_exits,
          nicolae_vaults_windows_and_doors_thing, v_misc_23, v_rooms_2,
          nicolae_vaults_circle_grid_b, vaults_room_door_ring,
          nicolae_vaults_angled_halls
Vaults:2: ontoclasm_vaults_shuriken, hangedman_vaults_snaps,
          nicolae_vaults_minivaults, vaults_room_octagon, v_misc_24, v_misc_32,
          nicolae_vaults_asterisk, vaults_mumra_lcd
Vaults:3: v_misc_18, vaults_room_fancy_cross, nicolae_vaults_diagonal_hallway_9,
          vaults_standard_mumra_enter_the_diamond,
          nicolae_vaults_sealed_display, vaults_room_fours, vaults_room_fours,
          nicolae_vaults_little_squares_3, special_room_vaults,
          blue_anna_dwarven_crypt
Vaults:4: vaults_mumra_minichess, vaults_room_door_ring, v_misc_22,
          grunt_vaults_swirl, v_alt_pattern_4, nicolae_vaults_little_squares_1,
          vaults_room_large_hall, nicolae_vaults_an_arrangement,
          nicolae_vaults_little_squares_2, ontoclasm_vaults_chip,
          vaults_room_pool, vaults_dpeg_diagonal,
          nicolae_vaults_mini_display_case, serial_shops, shop, uniq_frederick
Abyss:1:  evilmike_abyss_exit_6
Bailey:   bailey_axe_2, bailey

Action                   |  1- 3 |  4- 6 |  7- 9 | 10-12 | 13-15 | 16-18 | 19-21 || total
-------------------------+-------+-------+-------+-------+-------+-------+-------++-------
Melee: Unarmed           |    98 |   243 |   469 |  1026 |  1912 |  4168 |   423 ||  8339
 Cast: Dazzling Spray    |       |       |       |       |    53 |   768 |    61 ||   882
       Cause Fear        |       |       |       |       |       |     9 |     2 ||    11
       Apportation       |       |       |       |       |       |    11 |     1 ||    12
       Phase Shift       |       |       |       |       |       |   171 |    27 ||   198
       Magic Dart        |       |       |       |       |       |     8 |       ||     8
       Regeneration      |       |       |       |       |       |   207 |    43 ||   250
       Ozocubu's Armour  |       |       |       |       |       |   134 |    19 ||   153
       Blink             |       |       |       |       |       |    13 |     3 ||    16
       Haste             |       |       |       |       |       |     3 |     1 ||     4
       Passage of Golubr |       |       |       |       |       |     8 |     2 ||    10
       Repel Missiles    |       |       |       |       |       |     7 |       ||     7
       Swiftness         |       |       |       |       |       |     4 |       ||     4
       Ensorcelled Hiber |       |       |       |       |       |     4 |       ||     4
       Controlled Blink  |       |       |       |       |       |       |     1 ||     1
Invok: Channel Energy    |       |       |       |       |       |   476 |   119 ||   595
       Forget Spell      |       |       |       |       |       |     1 |       ||     1
 Abil: Evoke Invisibilit |       |       |       |       |       |     9 |       ||     9
       Evoke Flight      |       |       |       |       |       |     1 |     1 ||     2
Evoke: Wand              |       |       |       |     5 |     5 |     5 |     3 ||    18
  Use: Scroll            |     5 |     4 |     4 |    11 |    12 |    17 |       ||    53
       Potion            |     2 |     5 |       |       |     7 |    17 |     3 ||    34
 Stab: Sleeping          |     9 |    10 |    10 |    29 |    74 |   101 |       ||   233
       Distracted        |       |     1 |     3 |    10 |    19 |    27 |     1 ||    61
       Paralysed         |       |       |       |     2 |     2 |       |       ||     4
       Invisible         |       |       |       |       |    25 |   223 |    10 ||   258
  Eat: Chunk             |    14 |    11 |    14 |    24 |    43 |   214 |    29 ||   349

Table legend:
 A = Turns spent in this place as a percentage of turns spent in the entire game.
 B = Non-inter-level travel turns spent in this place as a percentage of non-inter-level travel turns spent in the entire game.
 C = Inter-level travel turns spent in this place as a percentage of turns spent in this place.
 D = Turns resting spent in this place as a percentage of non-inter-level travel turns spent in this place.
 E = Turns spent auto-exploring this place as a percentage of non-inter-level travel turns spent in this place.
 F = Non-inter-level travel turns spent in this place divided by the number of levels of this place that you've seen.
                   A       B       C       D       E      F
               +-------+-------+-------+-------+-------+----------------------
         Total | 100.0 | 100.0 |   0.6 |   3.9 |   2.5 | 834.3
       Dungeon |  26.6 |  26.5 |   0.8 |   4.6 |   4.0 | 634.3
        Temple |   0.1 |   0.1 |   5.0 |   0.0 |  68.4 |  19.0
          Lair |  20.2 |  20.2 |   0.9 |   3.7 |   2.7 | 903.8
        Shoals |  10.8 |  10.8 |   0.3 |   4.4 |   0.8 | 972.2
   Spider Nest |  13.1 |  13.2 |   0.4 |   5.9 |   2.2 | 1180.2
  Orcish Mines |   6.7 |   6.7 |   0.5 |   2.9 |   1.8 | 600.2
        Vaults |  20.5 |  20.6 |   0.2 |   1.9 |   2.0 | 1846.5
         Abyss |   0.1 |   0.1 |   0.0 |   0.0 |   0.0 |  45.0
     Labyrinth |   1.0 |   1.0 |   0.0 |   0.0 |   0.0 | 351.0
        Bailey |   0.9 |   0.9 |   0.0 |   3.8 |   0.9 | 320.0
               +-------+-------+-------+-------+-------+----------------------

Vault maps used:
D:1:      kb_arrival_jail
D:2:      minmay_surrounded
D:4:      lemuel_doored_altar, lemuel_round_altar,
          minmay_temple_entry_crystal_x, first_bread
D:5:      nicolae_overflow_crystal_walls, nicolae_ru_the_path_less_chosen,
          fedhas_altar_fruit_tree, lemuel_flame_loot_1, uniq_eustachio
D:6:      led_sif_pool, elyvilon_altar_5
D:7:      nicolae_gozag_seed_capital
D:8:      corexii_shack_village, serial_shops, shop
D:9:      minmay_lair_entry_grove, grunt_pizzeria, uniq_joseph
D:10:     minmay_cut_squares, orc_david_3
D:12:     minmay_eight_partial_circles, basic_altar, grunt_qazlal_clouds
D:14:     hangedman_what_comes_after_a, hangedman_vaults_entry_quadrant_bands,
          nrook_uturn, serial_curves, eino_curves_02, eino_curves_02
D:15:     gammafunk_enter_depths_forms, hangedman_decor_push,
          minmay_misc_feat_cross, uniq_louise
Temple:   chambers_temple_12
Lair:1:   beast_lair_carwin_large_3
Lair:2:   infiniplex_staircase_pool, lemuel_fruit_tree
Lair:3:   spider_nest_entry_rubble, st_stairs_5, grunt_megastairs_3,
          serial_bayou_shore_b, uniq_fannar
Lair:4:   serial_bayou_shore_a, bh_autumn_forest_stairs
Lair:5:   serial_forest, infiniplex_forest_clump_medium,
          infiniplex_forest_lined_2, infiniplex_forest_clump_long,
          infiniplex_forest_lined_2, serial_bayou_shore_b, uniq_rupert
Lair:6:   minmay_shoals_entry_hut, minmay_slime_entry_jelly_boxes,
          beast_lair_carwin_4, uniq_maud
Lair:7:   lab_entry_generic
Lair:8:   hangedman_lair_tendril_chambers, guppyfry_lair_end_dragon,
          uniq_josephine
Shoals:2: centaur_isle
Shoals:3: nicolae_shoals_undead_eyrie
Shoals:4: shoals_end_simple, shoal_ilsuiw, nicolae_shoals_dead_sea_scrolls
Spider:1: spider_trap, hangedman_spider_tarantella_strand
Spider:2: spider_trap, uniq_frances
Spider:3: spiders_nest_scorpion_pit, spider_trap, worms_lemuel, uniq_donald
Spider:4: spider_rune_water, uniq_kirke, uniq_mara, uniq_roxanne
Orc:1:    enter_bailey_3, lightli_orcish_oven
Orc:2:    serial_shops, shop
Orc:3:    nicolae_orc_pool_cavern, uniq_nergalle
Orc:4:    st_orc_elflike, basic_altar, uniq_saint_roka
Vaults:1: ontoclasm_vaults_chip, hangedman_vaults_stream,
          ontoclasm_vaults_pinch, nicolae_vaults_know_your_exits,
          nicolae_vaults_windows_and_doors_thing, v_misc_23, v_rooms_2,
          nicolae_vaults_circle_grid_b, vaults_room_door_ring,
          nicolae_vaults_angled_halls
Vaults:2: ontoclasm_vaults_shuriken, hangedman_vaults_snaps,
          nicolae_vaults_minivaults, vaults_room_octagon, v_misc_24, v_misc_32,
          nicolae_vaults_asterisk, vaults_mumra_lcd
Vaults:3: v_misc_18, vaults_room_fancy_cross, nicolae_vaults_diagonal_hallway_9,
          vaults_standard_mumra_enter_the_diamond,
          nicolae_vaults_sealed_display, vaults_room_fours, vaults_room_fours,
          nicolae_vaults_little_squares_3, special_room_vaults,
          blue_anna_dwarven_crypt
Vaults:4: vaults_mumra_minichess, vaults_room_door_ring, v_misc_22,
          grunt_vaults_swirl, v_alt_pattern_4, nicolae_vaults_little_squares_1,
          vaults_room_large_hall, nicolae_vaults_an_arrangement,
          nicolae_vaults_little_squares_2, ontoclasm_vaults_chip,
          vaults_room_pool, vaults_dpeg_diagonal,
          nicolae_vaults_mini_display_case, serial_shops, shop, uniq_frederick
Abyss:1:  evilmike_abyss_exit_6
Bailey:   bailey_axe_2, bailey
